 Dungeon Crawl Stone Soup version 0.26-a0-1033-gd598b01645 (webtiles) character file.

Game seed: 5483021829627715357

67 ruwin the Slasher (level 3, -3/27 HPs)
             Began as a Demonspawn Gladiator on Dec 11, 2020.
             Slain by a worm (7 damage)
             ... on level 2 of the Dungeon.
             The game lasted 00:02:48 (1152 turns).

ruwin the Slasher (Demonspawn Gladiator)            Turns: 1152, Time: 00:02:48

Health: -3/27      AC:  4    Str: 14    XL:     3   Next: 98%
Magic:  3/3        EV: 13    Int: 10    God:
Gold:   40         SH:  4    Dex: 14    Spells: 2/2 levels left

rFire    . . .     SeeInvis .   a - +0 long sword
rCold    . . .     Faith    .   (no shield)
rNeg     . . .     Spirit   .   b - +0 leather armour
rPois    .         Reflect  .   c - +0 helmet
rElec    .         Harm     .   (no cloak)
rCorr    .         Rampage  .   (no gloves)
Will     .....                  (no boots)
Stlth    +.........             (no amulet)
HPRegen  0.09/turn              (no ring)
MPRegen  0.08/turn              (no ring)

@: no status effects
A: large bone plates 1
a: no special abilities


You were on level 2 of the Dungeon.
You visited 1 branch of the dungeon, and saw 2 of its levels.

You collected 40 gold pieces.

Inventory:

Hand Weapons
 a - a +0 long sword (weapon)
Missiles
 e - 15 sling bullets
Armour
 b - a +0 leather armour (worn)
 c - a +0 helmet (worn)
Scrolls
 g - a scroll of fear {unknown}
 h - a scroll of teleportation {unknown}
 j - a scroll of remove curse
Potions
 i - a potion of invisibility {unknown}
 k - a potion of haste {unknown}


   Skills:
 + Level 2.3 Fighting
 + Level 3.6 Long Blades
 + Level 2.0 Throwing
 + Level 0.7 Armour
 + Level 3.1 Dodging
 + Level 0.1 Stealth


You had 2 spell levels left.
You didn't know any spells.
Your spell library was empty.

Dungeon Overview and Level Annotations

Branches:
Dungeon (2/15)

Altars:


Innate Abilities, Weirdness & Mutations

You are partially covered in large bone plates. (SH +4)


Message History

You kill the worm!
You hit the worm.
The worm is lightly wounded.
The worm misses you.
You slash the worm!
The worm is heavily wounded.
You block the worm's attack.
You slash the worm!
The worm is severely wounded.
You hit the worm but do no damage.
The worm is severely wounded.
The worm bites you but does no damage.
You hit the worm.
The worm is almost dead.
The worm bites you!
* * * LOW HITPOINT WARNING * * *
You hit the worm but do no damage.
The worm is almost dead.
The worm bites you!
You die...

..... .........#
.#.... ........
......# ..... #......
#†)# .......###w.#.#
.##.....$(....#
........(()...####
#......####......
##......w@(......
#######
#.##...####.##.#
#......## #..>####.# #
#........ #........#
#.......####...##.#.##
......................
#..................<..
#.......#########...##
#.......# #..#


You could see a worm.

Vanquished Creatures
  A gnoll (D:1)
  2 adders (D:2)
  A worm (D:2)
  A dart slug (D:1)
  6 bats
  6 goblins
  3 hobgoblins
  4 jackals (D:1)
  A ball python (D:1)
  3 frilled lizards (D:2)
  3 kobolds
  4 rats
35 creatures vanquished.

Notes
Turn   | Place    | Note
-------+----------+-------------------------------------------
     0 | D:1      | ruwin the Demonspawn Gladiator began the quest for the Orb.
     0 | D:1      | Reached XP level 1. HP: 16/16 MP: 1/1
   141 | D:1      | Gained mutation: You are partially covered in large bone
                  | plates. (SH +4) [demonic ancestry]
   141 | D:1      | Reached XP level 2. HP: 22/22 MP: 2/2
   203 | D:1      | HP: 1/22 [gnoll/+0 flail (11)]
   748 | D:1      | Reached XP level 3. HP: 23/27 MP: 3/3
  1152 | D:2      | Slain by a worm

Illustrated notes

Levels and vault maps discovered:
D:1:      heliophobic_arrival_battle_scene, layout_loops_ring
D:2:      layout_rooms, uniq_robin

Skill      XL: |  1  2  3 |
---------------+----------+-----
Throwing       | 2 |  2.0
Long Blades    | 3 |  3.6
Dodging        | 3 |  3.1
Fighting       | |  2.3
Armour         | |  0.7
Stealth        | |  0.1

Action                   || total
-------------------------++-------
Melee: Long sword        ||    96
Throw: Throwing net      ||     3
  Use: Scroll            ||     1
       Potion            ||     2
 Stab: Sleeping          ||     1
Armor: Leather armour    ||    26
Dodge: Dodged            ||    84
Block: Other             ||    14
       Rpst.: Long sword ||    31

Table legend: (Time is in decaauts)
 A = Elapsed time spent in this place.
 B = Non-inter-level travel time spent in this place.
 C = Inter-level travel time spent in this place.
 D = Time resting spent in this place.
 E = Time spent auto-exploring this place.
 F = Levels seen in this place.
 G = Mean time per level.
                   A        B        C        D        E       F      G
               +--------+--------+--------+--------+--------+-----+--------+
         Total |   1174 |   1145 |     29 |    313 |    627 |   2 |  587.0 |
       Dungeon |   1174 |   1145 |     29 |    313 |    627 |   2 |  587.0 |
               +--------+--------+--------+--------+--------+-----+--------+

Top non-repeatable levels by time:
     D:1: 1024 daAuts
     D:2: 150 daAuts
